 Dungeon Crawl Stone Soup version 0.22.0-38-g04b72b8 (webtiles) character file.

711 poirepourri the Cleaver (level 7, -10/61 HPs)
             Began as a Deep Dwarf Fighter on Aug 28, 2018.
             Mangled by an ogre
             ... wielding a cursed -2 giant club
              (19 damage)
             ... on level 5 of the Dungeon.
             The game lasted 00:02:39 (3166 turns).

poirepourri the Cleaver (Deep Dwarf Fighter)        Turns: 3166, Time: 00:02:40

Health: -10/61     AC:  8    Str: 20      XL:     7   Next: 40%
Magic:  6/6        EV:  7    Int:  8      God:
Gold:   186        SH: 10    Dex:  9 (14) Spells: 6/6 levels left

rFire    . . .     SeeInvis +   a - +0 war axe
rCold    . . .     Gourm    .   c - +1 shield
rNeg     . . .     Faith    .   b - +0 scale mail
rPois    .         Spirit   .   s - +2 hat
rElec    .         Reflect  .   (no cloak)
rCorr    .         Harm     .   (no gloves)
MR       +....                  (no boots)
Stlth    ..........             (no amulet)
HPRegen  0.00/turn              p - ring of see invisible
MPRegen  0.10/turn              (no ring)

@: non-regenerating
A: damage resistance, heal wounds, sense surroundings 1, no regeneration
a: Heal Wounds


You were on level 5 of the Dungeon.
You were full.

You visited 1 branch of the dungeon, and saw 5 of its levels.

You collected 186 gold pieces.

Inventory:

Hand Weapons
 a - a +0 war axe (weapon)
Missiles
 q - 17 bolts
Armour
 b - a +0 scale mail (worn)
 c - a +1 shield (worn)
 s - a +2 hat (worn)
Jewellery
 p - a ring of see invisible (left hand)
Wands
 h - a wand of flame (14)
Scrolls
 l - a scroll of blinking {unknown}
 m - a scroll of remove curse
Potions
 d - a potion of might
 e - 3 potions of heal wounds
 g - 4 potions of curing
 i - a potion of haste
 j - 2 potions of brilliance
 k - a potion of invisibility {unknown}
 n - 2 potions of degeneration {unknown}
 o - a potion of magic {unknown}
 r - a potion of cancellation {unknown}
Comestibles
 f - 6 rations


   Skills:
 - Level 2.6 Fighting
 + Level 9.2 Axes
 - Level 3.2 Armour
 - Level 3.2 Shields


You had 6 spell levels left.
You didn't know any spells.
Your spell library was empty.

Dungeon Overview and Level Annotations

Branches:
Dungeon (5/15)
 Temple: D:4-7

Altars:
Kikubaaqudgha
The Shining One

Shops:
D:4 [


Innate Abilities, Weirdness & Mutations

You are resistant to damage.
You can heal yourself by infusing magical energy.
You passively map a small area around you.
You do not regenerate.


Message History

Evoke which item? (* to show all) (? for menu, Esc to quit)
Aiming: Throw Flame
Press: ? - help, Shift-Dir - straight line, f/p - ogre
Aim: an ogre, wielding a giant club (moderately wounded)
The puff of flame hits the ogre.
The ogre is heavily wounded.
Evoke which item? (* to show all) (? for menu, Esc to quit)
Aiming: Throw Flame
Press: ? - help, Shift-Dir - straight line, f/p - ogre
Aim: an ogre, wielding a giant club (heavily wounded)
The puff of flame hits the ogre.
The ogre is severely wounded.
You hit the ogre.
The ogre is severely wounded.
The ogre hits you with a giant club!!
* * * LOW HITPOINT WARNING * * *
You hit the ogre.
The ogre is almost dead.
The ogre hits you with a giant club!!
You die...

#.#.#.#....####'##.#####.#
#.#.. .#.#.#+....#.......#
#.# #.#..
#.#.#.#....#.......# #.#
#.#.. .#.#.#.....#.......#
#.# #.##.
#.#+#+#'#+##.......# #.#
#.##. .#.......# #..(....#
#.# #.... #+.......+
#.......# #.# #####
.........###....O..# #.# #
..........##....@..# #.# #
...#'#+#.########..# #.# #
..#.#.#.#..######..###
#.########
...#.#.#.#........>..#
#........#
..#.#.#.#..##........#
########.#
'#.#.#.#.#.#.........# #..
#.#.#.#.#............# ###
###........#......)..# #
######.#.#.........#


You could see an ogre.

Vanquished Creatures
  Grinder (D:4)
  A hornet zombie (D:5)
  A centaur (D:4)
  A quasit (D:5)
  A jelly (D:5)
  2 bullfrog skeletons (D:4)
  A centaur skeleton (D:5)
  3 worker ants
  Robin (D:2)
  3 adders (D:4)
  3 oozes
  4 worms
  A dart slug (D:3)
  5 leopard geckos
  2 orcs (D:3)
  3 giant cockroaches
  11 goblins
  13 hobgoblins
  3 kobolds
  A quokka (D:3)
  A ball python (D:4)
  5 bats
  3 frilled lizards
  A jackal skeleton (D:4)
  A quokka skeleton (D:5)
  8 rats
80 creatures vanquished.

Notes
Turn   | Place    | Note
-------+----------+-------------------------------------------
     0 | D:1      | poirepourri the Deep Dwarf Fighter began the quest for the Orb.
     0 | D:1      | Reached XP level 1. HP: 20/20 MP: 1/1
   137 | D:1      | Reached skill level 3 in Axes
   139 | D:1      | Reached XP level 2. HP: 27/27 MP: 2/2
   952 | D:2      | Noticed Robin
   954 | D:2      | Reached XP level 3. HP: 31/33 MP: 3/3
   956 | D:2      | Reached skill level 4 in Axes
   972 | D:2      | Killed Robin
  1206 | D:3      | Found a faded altar of an unknown god.
  1254 | D:3      | Reached XP level 4. HP: 22/40 MP: 4/4
  1408 | D:3      | Reached skill level 5 in Axes
  1817 | D:3      | Found a glowing golden altar of the Shining One.
  1818 | D:3      | Found an ancient bone altar of Kikubaaqudgha.
  2122 | D:4      | Reached XP level 5. HP: 38/46 MP: 5/5
  2138 | D:4      | Reached skill level 6 in Axes
  2207 | D:4      | Found a sand-covered staircase.
  2268 | D:4      | Noticed Grinder
  2290 | D:4      | Killed Grinder
  2290 | D:4      | Reached skill level 7 in Axes
  2290 | D:4      | Reached XP level 6. HP: 26/55 MP: 5/5
  2313 | D:4      | Reached skill level 8 in Axes
  2324 | D:4      | Reached XP level 7. HP: 59/61 MP: 6/6
  2435 | D:4      | Found Hooporu's Armour Shoppe.
  2872 | D:5      | Entered Level 5 of the Dungeon
  3010 | D:5      | Reached skill level 9 in Axes
  3166 | D:5      | Mangled by an ogre

Skill      XL: |  1  2  3  4  5  6  7 |
---------------+----------------------+-----
Axes           | 3 4 5 7 8 9 |  9.2
Fighting       | |  2.6
Armour         | |  3.2
Shields        | |  3.2

Action                   |  1- 3 |  4- 6 |  7- 9 || total
-------------------------+-------+-------+-------++-------
Melee: War axe           |   108 |   140 |    61 ||   309
 Abil: Heal Wounds       |       |     3 |       ||     3
Evoke: Wand              |       |       |     5 ||     5
  Use: Potion            |     1 |       |       ||     1
       Scroll            |       |     8 |     3 ||    11
  Eat: Ration            |     1 |     3 |       ||     4
Armor: Scale mail        |    49 |    75 |    40 ||   164
Dodge: Dodged            |    27 |    51 |    33 ||   111
Block: Shield            |    55 |   101 |    39 ||   195
